Map: Pylon LE

Players

ManlyManMeat

  • Race: Zerg Zerg
  • League: Master
  • Spawn Location: 5:00

Artaron - Winner!

  • Race: Zerg Zerg
  • League: Master
  • Spawn Location: 11:00

VOD

Have the link to the VOD?

Description

Time

  • Played on: June 18, 2025, 10:18 a.m.
  • Length: 7:06
Show
View Real Time Build Order
Export as new Build Order

ManlyManMeat Zerg 

Build Orders: Hatch First 

Get SALT Encoding   

  12  0:00  Drone  
  13  0:12  Overlord  
  13  0:18  Drone  
  14  0:31  Drone x2  
  16  0:39  Drone  
  17  0:54  Hatchery  
  17  0:56  Drone  
  17  0:59  Drone  
  18  1:18  Spawning Pool  
  17  1:19  Drone, Extractor  
  17  1:23  Drone  
  18  1:30  Drone  
  19  1:39  Drone  
  20  1:55  Drone  
  21  2:08  Queen x2  
  23  2:13  Zergling x4  
  27  2:17  Drone  
  27  2:18  Overlord  
  27  2:20  Metabolic Boost  
  28  2:26  Overlord  
  28  2:42  Drone x3  
  31  2:58  Drone x2  
  32  2:59  Drone  
  34  3:11  Drone x2  
  34  3:12  Drone  
  37  3:14  Hatchery  
  37  3:17  Queen  
  38  3:29  Drone x3  
  38  3:30  Drone x3  
  44  3:34  Overlord  
  44  3:37  Overlord  
  44  3:51  Extractor  
  44  3:52  Baneling Nest  
  44  3:54  Drone x2  
  44  4:00  Extractor x2  
  42  4:04  Drone x2  
  42  4:05  Drone  
  42  4:07  Zergling x6  
  48  4:12  Evolution Chamber  
  48  4:15  Drone x2  
  49  4:19  Queen  
  49  4:21  Lair  
  51  4:26  Drone  
  51  4:28  Evolution Chamber  
  51  4:32  Drone  
  51  4:37  Zergling x2  
  51  4:38  Zergling x6  
  56  4:46  Drone x3  
  56  4:49  Zerg Melee Weapons Level 1  
  59  5:05  Zergling x6  
  62  5:14  Queen  
  62  5:15  Overlord  
  62  5:17  Overlord  
  62  5:18  Zergling x2  
  65  5:22  Centrifugal Hooks  
  65  5:28  Zergling x2  
  66  5:33  Zergling x2  
  64  5:40  Zergling x10  
  62  5:43  Baneling  
  60  5:51  Zergling x20  
  58  6:01  Baneling  
  58  6:02  Zergling x4, Baneling x3  
  58  6:03  Zergling x2  
  49  6:07  Zergling x2  
  28  6:40  Drone  
  29  6:49  Baneling  
Show
View Real Time Build Order
Export as new Build Order

Artaron Zerg - Winner!

Build Orders: Hatch First 

Get SALT Encoding   

  12  0:00  Drone  
  13  0:08  Drone  
  13  0:13  Extractor  
  13  0:16  Drone  
  15  0:23  Overlord  
  15  0:42  Drone  
  16  0:47  Hatchery  
  15  0:51  Drone  
  15  0:55  Drone  
  17  1:10  Spawning Pool  
  16  1:12  Drone  
  16  1:16  Drone  
  18  1:18  Drone  
  19  1:28  Drone, Extractor  
  19  1:39  Overlord  
  19  1:58  Queen  
  19  1:59  Queen  
  23  2:02  Drone  
  23  2:03  Drone  
  23  2:04  Drone  
  26  2:11  Drone  
  26  2:12  Drone  
  28  2:21  Drone x2  
  30  2:28  Metabolic Boost  
  30  2:37  Queen  
  30  2:42  Drone  
  33  2:48  Queen  
  33  2:49  Drone  
  33  2:50  Overlord  
  36  3:02  Overlord  
  36  3:09  Drone x6  
  36  3:10  Drone  
  43  3:14  Zergling x2  
  44  3:26  Zergling x6  
  47  3:29  Overlord  
  47  3:30  Zergling x2  
  48  3:37  Zergling x2  
  49  3:47  Zergling x4  
  49  3:48  Zergling x4  
  53  3:52  Zergling x2  
  53  3:53  Zergling x4  
  53  3:54  Zergling x4  
  58  4:02  Zergling x2  
  59  4:03  Hatchery  
  59  4:07  Zergling x2  
  59  4:13  Zergling x2  
  60  4:23  Overlord x4  
  60  4:38  Overlord x2  
  60  4:39  Overlord x3  
  60  4:41  Overlord  
  60  4:49  Zergling x2  
  60  4:50  Zergling x4  
  63  4:53  Roach Warren  
  63  4:55  Zergling x8  
  63  4:58  Overlord  
  66  5:04  Lair  
  66  5:05  Pneumatized Carapace  
  66  5:09  Zergling x4  
  68  5:14  Zergling x2  
  68  5:15  Zergling x2  
  70  5:24  Drone x6  
  70  5:25  Extractor  
  69  5:57  Roach  
  65  6:01  Roach x2  
  65  6:02  Roach x6  
  65  6:03  Roach x4  
  79  6:13  Zergling x2  
  79  6:16  Roach  
  79  6:17  Roach x2  
  78  6:32  Roach x2  
  81  6:43  Roach  
  81  6:44  Evolution Chamber  
  81  6:46  Evolution Chamber, Roach  
  83  6:49  Evolution Chamber  
  83  6:50  Extractor  
  81  6:55  Spine Crawler  
Tags
 
Matchup
ZvZ
Race
Zerg
Replay Pack
Myownreplay2
Spawn Locations
Cross Positions
Add a new tag
Caveats
  • Supply blocks, unpowered buildings, or Contaminate may cause inaccurate times.
  • Supply counts are checked every 10 seconds.